 Dungeon Crawl Stone Soup version 0.29.0-4-gdea44cf6ec (webtiles) character file.

Game seed: 5085233337651735192

175 qw the Chopper (level 5, 0/30 HPs)
             Began as a Tengu Warper on Aug 28, 2022.
             Slain by an adder (2 damage)
             ... in a sewer.
             The game lasted 00:00:16 (2668 turns).

qw the Chopper (Tengu Warper)                       Turns: 2668, Time: 00:00:17

Health: 0/30       AC:  8    Str: 14      XL:     5   Next: 55%
Magic:  9/9        EV: 11    Int: 13      God:
Gold:   144        SH:  0    Dex: 12 (13) Spells: 8/8 levels left

rFire   . . .      SeeInvis .   Y - +0 hand axe
rCold   + . .      Faith    .   (no shield)
rNeg    . . .      Spirit   .   k - +0 chain mail
rPois   .          Reflect  .   (helmet restricted)
rElec   .          Harm     .   (no cloak)
rCorr   .          Rampage  .   (no gloves)
Will    .....                   (boots unavailable)
Stlth   ..........              (no amulet)
HPRegen 0.10/turn               b - ring of protection from cold
MPRegen 0.11/turn               c - +4 ring of evasion

@: lethally poisoned (0 -> -8), about to teleport, flying quickly and evasively,
quick
A: beak, talons 3, nimble flight
a: no special abilities


You were in a sewer.
You visited 1 branch of the dungeon, and saw 3 of its levels.
You also visited: Sewer.

You collected 232 gold pieces.
You spent 88 gold pieces at shops.


Innate Abilities, Weirdness & Mutations

You have a beak for a mouth.
You have claws for feet.
Your magical nature lets you fly swiftly and evasively.


   Skills:
 - Level 2.0 Fighting
 - Level 6.0 Axes
 - Level 1.0 Throwing
 + Level 1.5 Armour
 - Level 2.1 Dodging
 - Level 2.0 Spellcasting
 - Level 2.4 Translocations


You had 8 spell levels left.
You didn't know any spells.
Your spell library contained the following spells:

 Spells                   Type           Power      Damage    Failure   Level
 Blink                    Tloc           14%        N/A       99%         2
 Gell's Gravitas          Tloc           7%         N/A       100%        3
 Lesser Beckoning         Tloc           7%         N/A       100%        3
 Teleport Other           Tloc           7%         N/A       100%        3
 Manifold Assault         Tloc           7%         N/A       100%        5

Inventory:

Hand Weapons
 i - a +0 club
 Y - a +0 hand axe (weapon)
Missiles
 f - 4 javelins (quivered)
Armour
 k - a +0 chain mail (worn)
Jewellery
 b - a ring of protection from cold (left hand)
 c - a +4 ring of evasion (right hand)
Scrolls
 a - a scroll of identify
 d - 3 scrolls of teleportation
Potions
 e - a potion of haste
 g - a potion of attraction {unknown}
 h - a potion of curing {unknown}
 j - a potion of ambrosia {unknown}

Dungeon Overview and Level Annotations

Branches:
Dungeon (3/15)              Sewer (1/1)

Altars:

Shops:
D:2 ??*


Message History

The bullfrog hits you but does no damage.
The adder bites you.
You are poisoned.
The adder poisons you! The adder barely misses you.
The adder closely misses you.
You hit the adder but do no damage. Your kick misses the adder.
The adder is severely wounded.
You barely miss the adder. You hit the bullfrog but do no damage.
You miss the adder.
You feel sick.
The bullfrog hits you but does no damage.
The adder bites you. The adder barely misses you.
The bullfrog closely misses you. The adder closely misses you.
The adder barely misses you.
You barely miss the adder. Your kick misses the adder.
Your peck misses the adder.
The adder is heavily wounded.
You hit the adder but do no damage. You hit the bullfrog.
You closely miss the adder.
You feel sick. The adder closely misses you. The bullfrog hits you.
The adder bites you.
You are more poisoned.
The adder poisons you! The adder bites you.
You are lethally poisoned!
The adder poisons you! The adder bites you.
You closely miss the adder. Your kick misses the adder.
The adder is heavily wounded.
You barely miss the adder. You barely miss the bullfrog.
You hit the adder but do no damage.
You feel very sick. The bullfrog hits you.
The adder bites you but does no damage. The adder closely misses you. x2
The bullfrog hits you but does no damage.
2668 ||| READING 4 scrolls of teleportation.
As you read the scroll of teleportation, it crumbles to dust.
You feel strangely unstable.
You feel very sick. The adder bites you but does no damage.
The adder closely misses you. The bullfrog barely misses you.
The adder bites you.
You die...

........#
##......##
#......#
##......#
#......#
##~~~~##
#.~~~~.#
#~~~~~~#
#~~~~~~#
#~~~~~~#
#~~~~~~#
#~~~~~~#
#F~~~~~#
#~~~~~~#
#SS~~~~#
#~~~~~~#
#@~~~~~#
#~~~~~~#
#SF~~~~#
#~~~~~~#
#~~~~.~#
##~~~~~#
#~~~~.~#
#~~.(~~#
#~~~#~~#
##~~~~~#
#~~~~~~#
#~~~~~~#
#~~~~~~#
#~~~~~~#
#~~~~~~#
#~~%~~~#
#~~~~~~#


You could see 2 bullfrogs and 3 adders.

Vanquished Creatures
  4 river rats
  7 adders
  2 worms
  A dart slug (D:2)
  An orc (D:3)
  2 endoplasms
  2 giant cockroaches (D:3)
  3 goblins (D:1)
  A hobgoblin (D:3)
  4 jackals (D:1)
  A quokka (D:2)
  9 ball pythons
  2 bats
  6 frilled lizards
  3 kobolds
  34 rats
82 creatures vanquished.

Notes
Turn   | Place    | Note
-------+----------+-------------------------------------------
     0 | D:1      | qw the Tengu Warper began the quest for the Orb.
     0 | D:1      | Reached XP level 1. HP: 12/12 MP: 4/4
     0 | D:1      | 0 ||| qw: Version: 0.1-a-89-g26bdef1
     0 | D:1      | 0 ||| qw: Game counter: 2316
     0 | D:1      | 0 ||| qw: Always use a shield: true
     0 | D:1      | 0 ||| qw: God list: Okawaru
     0 | D:1      | 0 ||| qw: Allow faded altars: false
     0 | D:1      | 0 ||| qw: Do Orc after D:15 true
     0 | D:1      | 0 ||| qw: Do second Lair branch before Depths: true
     0 | D:1      | 0 ||| qw: Lair rune preference: random
     0 | D:1      | 0 ||| qw: Plans: Normal
     0 | D:1      | 0 ||| PLANNING D:1-11
   220 | D:1      | 220 ||| Stepping ~*~*~tactically~*~*~ (stealth).
   302 | D:1      | 302 ||| Stepping ~*~*~tactically~*~*~ (stealth).
   309 | D:1      | Reached skill level 3 in Axes
   309 | D:1      | Reached XP level 2. HP: 17/17 MP: 6/6
   787 | D:1      | Found a faded altar of an unknown god.
   942 | D:1      | 942 ||| UPGRADING to +0 chain mail.
   952 | D:1      | 952 ||| DROPPING +0 leather armour.
   953 | D:1      | 953 ||| READING 2 scrolls labelled BUIHEQUNUV.
   954 | D:1      | 954 ||| READING scroll labelled OHULOSH VUPP.
   955 | D:1      | 955 ||| READING scroll labelled FEMATYSTIMM.
   956 | D:1      | 956 ||| DROPPING scroll of blinking.
   968 | D:2      | Found Pipen's Magic Scroll Emporium.
   979 | D:2      | 979 ||| STAIRDANCE
  1025 | D:2      | 1025 ||| SHOPLISTING scroll of enchant armour (97 gold,
                  | have 66).
  1025 | D:2      | 1025 ||| BUYING scroll of identify (26 gold).
  1025 | D:2      | Bought a scroll of identify for 26 gold pieces
  1025 | D:2      | 1025 ||| BUYING scroll of identify (26 gold).
  1025 | D:2      | Bought a scroll of identify for 26 gold pieces
  1025 | D:2      | 1025 ||| SHOPLISTING scroll of teleportation (39 gold, have
                  | 14).
  1028 | D:2      | 1028 ||| FLEEEEING.
  1029 | D:2      | 1029 ||| FLEEEEING.
  1030 | D:2      | 1030 ||| FLEEEEING.
  1031 | D:2      | 1031 ||| FLEEEEING.
  1036 | D:2      | 1036 ||| STAIRDANCE
  1111 | D:1      | 1111 ||| READING 3 scrolls of identify.
  1111 | D:1      | 1111 ||| IDENTIFYING golden potion
  1112 | D:1      | 1112 ||| READING 2 scrolls of identify.
  1112 | D:1      | 1112 ||| IDENTIFYING sedimented brown potion
  1113 | D:1      | 1113 ||| DROPPING potion of invisibility.
  1118 | D:2      | 1118 ||| Stepping ~*~*~tactically~*~*~ (hiding).
  1120 | D:2      | 1120 ||| Stepping ~*~*~tactically~*~*~ (hiding).
  1128 | D:2      | Reached XP level 3. HP: 21/21 MP: 7/7
  1236 | D:2      | Found Tier's Magic Scroll Shop.
  1246 | D:2      | 1246 ||| SHOPLISTING 2 scrolls of identify (48 gold, have
                  | 14).
  1246 | D:2      | 1246 ||| SHOPLISTING scroll of enchant armour (90 gold,
                  | have 14).
  1246 | D:2      | 1246 ||| SHOPLISTING scroll of enchant weapon (90 gold,
                  | have 14).
  1321 | D:2      | Found Ibbaohum's General Store.
  1329 | D:2      | 1329 ||| SHOPLISTING +0 war axe (42 gold, have 40).
  1329 | D:2      | 1329 ||| SHOPLISTING potion of mutation (96 gold, have 40).
  1329 | D:2      | 1329 ||| BUYING scroll of teleportation (36 gold).
  1329 | D:2      | Bought a scroll of teleportation for 36 gold pieces
  1329 | D:2      | 1329 ||| SHOPLISTING scroll of teleportation (36 gold, have
                  | 4).
  1643 | D:2      | Reached skill level 4 in Axes
  1782 | D:2      | 1782 ||| UPGRADING to ring of protection from cold.
  1783 | D:2      | 1783 ||| UPGRADING to +4 ring of evasion.
  1784 | D:2      | 1784 ||| DRINKING 2 sedimented grey potions.
  1785 | D:2      | 1785 ||| DRINKING 2 lumpy yellow potions.
  1786 | D:2      | 1786 ||| DROPPING potion of brilliance.
  1787 | D:2      | 1787 ||| DROPPING potion of degeneration.
  1814 | D:3      | 1814 ||| PLANNING SEWER
  1874 | D:3      | 1874 ||| Stepping ~*~*~tactically~*~*~ (stealth).
  1875 | D:3      | 1875 ||| Stepping ~*~*~tactically~*~*~ (stealth).
  1921 | D:3      | HP: 5/21 [poisoned by an adder]
  1922 | D:3      | 1922 ||| READING 3 scrolls of teleportation.
  1923 | D:3      | 1923 ||| DRINKING potion of heal wounds.
  1927 | D:3      | Reached XP level 4. HP: 22/26 MP: 8/8
  1982 | D:3      | 1982 ||| Stepping ~*~*~tactically~*~*~ (stealth).
  2081 | D:3      | 2081 ||| Stepping ~*~*~tactically~*~*~ (stealth).
  2083 | D:3      | 2083 ||| Stepping ~*~*~tactically~*~*~ (stealth).
  2086 | D:3      | 2086 ||| Stepping ~*~*~tactically~*~*~ (stealth).
  2099 | D:3      | Reached skill level 5 in Axes
  2302 | D:3      | Found a glowing drain.
  2307 | D:3      | 2307 ||| READING 2 scrolls of identify.
  2307 | D:3      | 2307 ||| IDENTIFYING murky ruby potion
  2311 | Sewer    | Entered a sewer
  2330 | Sewer    | 2330 ||| Stepping ~*~*~tactically~*~*~ (water).
  2344 | Sewer    | 2344 ||| Stepping ~*~*~tactically~*~*~ (stealth).
  2393 | Sewer    | Gained mutation: Your magical nature lets you fly swiftly
                  | and evasively. [Tengu growth]
  2393 | Sewer    | Reached XP level 5. HP: 30/30 MP: 9/9
  2481 | Sewer    | Reached skill level 6 in Axes
  2667 | Sewer    | HP: 5/30 [bullfrog (3)]
  2668 | Sewer    | 2668 ||| READING 4 scrolls of teleportation.
  2668 | Sewer    | HP: 2/30 [poisoned by an adder]
  2668 | Sewer    | Slain by an adder

Levels and vault maps discovered:
D:1:      nzn_arrival_water_spiral, layout_loops_ring,
          shapermc_ecumenical_altar_notcrosses
D:2:      layout_rooms, serial_shops, shop_statue, shop,
          nicolae_shop_statue_plus
D:3:      layout_basic, portal_sewer_entry_e
Sewer:    sewer_minmay_w

Skill      XL: |  1  2  3  4  5 |
---------------+----------------+-----
Axes           | 3 4 5 6 |  6.0
Fighting       | |  2.0
Throwing       | |  1.0
Armour         | |  1.5
Dodging        | |  2.1
Spellcasting   | |  2.0
Translocations | |  2.4

Action                   |  1- 3 |  4- 6 || total
-------------------------+-------+-------++-------
Melee: Hand axe          |    77 |    91 ||   168
       Kick              |    22 |    14 ||    36
       Peck              |     7 |    14 ||    21
       Punch             |       |     1 ||     1
Throw: Boomerang         |     7 |       ||     7
       Javelin           |     9 |    26 ||    35
  Use: Scroll            |     6 |     2 ||     8
       Potion            |     3 |       ||     3
Armor: Chain mail        |    28 |    46 ||    74
       Leather armour    |     9 |       ||     9
Dodge: Dodged            |    31 |    62 ||    93

Table legend:
 A = Non-vault XP
 B = Vault XP
 C = Vault XP percentage of total XP
 D = Non-vault monster count
 E = Vault monster count
 F = Vault count percentage of total count
                 A         B        C        D         E       F
            +---------+---------+-------+---------+---------+-------
      Total |     115 |     136 |  54.2 |      37 |      45 |  54.9
            +---------+---------+-------+---------+---------+-------
        D:1 |      26 |       0 |   0.0 |      18 |       0 |   0.0
        D:2 |      32 |       0 |   0.0 |       9 |       0 |   0.0
        D:3 |      57 |      34 |  37.4 |      10 |       8 |  44.4
      Sewer |       0 |     102 | 100.0 |       0 |      37 | 100.0
            +---------+---------+-------+---------+---------+-------
